 Dungeon Crawl Stone Soup version 0.29.1-14-g9c671dbff4 (webtiles) character file.

Game seed: 10443946212896698267

44 Wobber the Insei (level 3, 0/23 HPs)
             Began as an Octopode Transmuter on Feb 14, 2023.
             Slain by Terence
             ... wielding a +0 flail
              (12 damage)
             ... on level 2 of the Dungeon.
             The game lasted 00:02:41 (1202 turns).

Wobber the Insei (Octopode Transmuter)              Turns: 1202, Time: 00:02:41

Health: 0/23       AC:  1    Str:  9    XL:     3   Next: 60%
Magic:  5/6        EV: 13    Int: 17    God:
Gold:   65         SH:  0    Dex: 12    Spells: 2/6 levels left

rFire   . . .      SeeInvis .     - Unarmed
rCold   . . .      Faith    .   (no shield)
rNeg    . . .      Spirit   .   (helmet currently unavailable)
rPois   .          Reflect  .   (no amulet)
rElec   .          Harm     .   (no ring)
rCorr   .          Rampage  .   (no ring)
Will    .....                   (no ring)
Stlth   +++.......              (no ring)
HPRegen 0.07/turn               (no ring)
MPRegen 0.10/turn               (no ring)
                                (no ring)
                                (no ring)

@: appendages
A: tentacle spike 3, almost no armour, amphibious, 8 rings, camouflage 1,
gelatinous body 1, (nimble swimmer 1), tentacles
a: End Transformation


You were on level 2 of the Dungeon.
One of your tentacles had grown a beastly spike.
You visited 1 branch of the dungeon, and saw 2 of its levels.

You collected 65 gold pieces.

Inventory:

Hand Weapons
 e - a +0 dagger
Missiles
 d - 16 stones
Scrolls
 b - 3 scrolls of teleportation {unknown}
 c - a scroll of acquirement {unknown}
 f - a scroll of immolation {unknown}
 g - a scroll of noise {unknown}
 j - a scroll of identify {unknown}
 k - a scroll of enchant armour {unknown}
Potions
 a - 2 potions of lignification
 h - a potion of berserk rage {unknown}
 i - a potion of brilliance {unknown}
 l - a potion of curing {unknown}
 m - a potion of cancellation {unknown}


   Skills:
 - Level 1.0 Fighting
 + Level 2.4 Dodging
 + Level 2.0 Stealth
 - Level 3.0 Unarmed Combat
 - Level 2.0 Spellcasting
 * Level 3.0 Transmutations
 * Level 1.0 Poison Magic


You had 2 spell levels left.
You knew the following spells:

 Your Spells              Type           Power      Damage    Failure   Level
a - Beastly Appendage     Tmut           22%        N/A       5%          1
b - Spider Form           Tmut/Pois      8%         N/A       26%         3

Your spell library contained the following spells:

 Spells                   Type           Power      Damage    Failure   Level
 Wereblood                Tmut           11%        N/A       9%          2
 Ice Form                 Ice/Tmut       6%         N/A       71%         4


Dungeon Overview and Level Annotations

Branches:
Dungeon (2/15)

Altars:

Shops:
D:2 (

Annotations:
D:2 Terence


Innate Abilities, Weirdness & Mutations

One of your tentacles has grown a beastly spike.
You cannot wear most types of armour.
You are amphibious.
You can wear up to eight rings at the same time.
Your skin changes colour to match your surroundings (Stealth+).
Your rubbery body absorbs attacks. (AC +1, EV +1)
((You are camouflaged when in or above water. (Stealth+)))
You have tentacles for arms and can constrict up to eight enemies at once.


Message History

You extend your transformation's duration.
The helpless goblin fails to defend itself.
You tentacle-slap the goblin.
You kill the goblin!
Your Stealth skill increases to level 2!
Your Transmutations skill increases to level 3!
Your Poison Magic skill increases to level 1!
You see here a +0 dagger.
Your transformation is almost over.
Your tentacle spike disappears.
You see here a bat skeleton.
You see here an adder skeleton.
m - a sedimented white potion Terence the Incautious comes into view.
He is wielding a +0 flail.
A frilled lizard comes into view.
Found a war axe.
Found a scroll labelled ROESODGH VAOMIY.
Found an escape hatch in the ceiling.
One of your tentacles grows a vicious spike.
A goblin comes into view. It is wielding a +0 dagger.
Terence shouts!
The frilled lizard hisses angrily.
Terence shouts, "DIE!!!"
The goblin shouts!
You tentacle-slap Terence but do no damage.
Your grab misses Terence.
You pierce Terence.
You squeeze Terence, but do no damage.
Terence is moderately wounded.
You hear an angry hiss.
An adder comes into view.
Terence hits you with a +0 flail!
The frilled lizard attacks as you move away!
The frilled lizard closely misses you. Terence attacks as you move away!
Terence misses you.
The adder hisses angrily.
Terence attacks as you move away! Terence closely misses you.
The frilled lizard attacks as you move away!
The frilled lizard barely misses you. Terence attacks as you move away!
Terence hits you with a +0 flail!
Ouch! That really hurt!
You die...

#.#.. .# #.#..#
.# ### ..... .#
#...
###.#.##.#.....
..<......#.....
...............
.?......)......
......l@g#.#..#
#######@##.##.#
#.##....#
#...##
######..#
#.......#
#.......# #####
#.......##.....
. #..........#
###.
#..........#
#..


You could see Terence, a goblin and a frilled lizard.

Vanquished Creatures
  An adder (D:2)
  A dart slug (D:1)
  5 bats
  4 endoplasms (D:1)
  A giant cockroach (D:1)
  5 goblins
  2 hobgoblins (D:1)
  3 quokkas (D:1)
  3 ball pythons (D:1)
  A frilled lizard (D:1)
  A kobold (D:1)
  2 rats
29 creatures vanquished.

Notes
Turn   | Place    | Note
-------+----------+-------------------------------------------
     0 | D:1      | Wobber the Octopode Transmuter began the quest for the Orb.
     0 | D:1      | Reached XP level 1. HP: 13/13 MP: 3/3
    90 | D:1      | Found a faded altar of an unknown god.
   209 | D:1      | Reached XP level 2. HP: 15/18 MP: 3/5
   214 | D:1      | Reached skill level 1 in Stealth
   542 | D:1      | Reached XP level 3. HP: 23/23 MP: 4/6
   561 | D:1      | Learned a level 3 spell: Spider Form
   838 | D:2      | Found Sutot's Weapon Emporium.
  1131 | D:2      | Reached skill level 1 in Poison Magic
  1193 | D:2      | Noticed Terence
  1202 | D:2      | Slain by Terence

Illustrated notes

Levels and vault maps discovered:
D:1:      dpeg_arrival_stonehenge_8_columns, layout_basic,
          shapermc_ecumenical_altar_flowoftime
D:2:      layout_basic, serial_shops, nicolae_square_shop,
          nicolae_shop_hallway_plus, uniq_jessica, uniq_terence

Skill      XL: |  1  2  3 |
---------------+----------+-----
Stealth        | 1 2 |  2.0
Transmutations | 3 |  3.0
Poison Magic   | 1 |  1.0
Fighting       | |  1.0
Dodging        | |  2.4
Unarmed Combat | |  3.0
Spellcasting   | |  2.0

Action                   || total
-------------------------++-------
Melee: Unarmed           ||    48
       Constrict         ||    15
       Kick              ||    10
       Tentacles         ||    10
       Punch             ||     1
 Cast: Beastly Appendage ||    19
 Stab: Sleeping          ||     9
Armor: Skin              ||     2
Dodge: Dodged            ||    25
